 Dungeon Crawl Stone Soup version 0.31.0-11-ge490571c62 (webtiles) character file.

Game seed: 12436565305134363612

8933 qw the Nimble (level 11, -7/55 HPs)
             Began as a Spriggan Hunter on Feb 3, 2024.
             Was an Elder of Okawaru.
             Mangled by an elephant (16 damage)
             ... on level 1 of the Lair of Beasts.
             The game lasted 00:00:42 (7993 turns).

qw the Nimble (Spriggan Hunter)                     Turns: 7993, Time: 00:00:43

Health: -7/55      AC:  4    Str:  7    XL:     11   Next: 16%
Magic:  13/15      EV: 30    Int: 11    God:    Okawaru [****..]
Gold:   432        SH:  5    Dex: 23    Spells: 10/10 levels left

rFire   . . .        f - +2 arbalest (freeze)
rCold   . . .        (shield currently unavailable)
rNeg    . . .        c - +0 robe
rPois   +            (helmet restricted)
rElec   .            b - +1 cloak {rPois}
rCorr   .            (gloves unavailable)
SInv    +            (boots unavailable)
Will    +....        q - amulet of reflection
Stlth   ++           (no ring)
HPRegen 0.29/turn    (no ring)
MPRegen 0.14/turn

%: reflection
@: very quick
A: very small, no large weapons, unfitting armour, see invisible, speed 3
a: Renounce Religion, Heroism, Finesse


You were on level 1 of the Lair of Beasts.
You worshipped Okawaru.
Okawaru was greatly pleased with you.
You visited 3 branches of the dungeon, and saw 11 of its levels.
You also visited: Sewer.

You collected 602 gold pieces.
You spent 170 gold pieces at shops.


Innate Abilities, Weirdness & Mutations

You are very small and have problems with some larger weapons.
You are too small for most types of armour.
You have supernaturally acute eyesight. (SInv)
You cover ground extremely quickly. (Speed+++)


   Skills:
 - Level 5.1 Fighting
 + Level 12.7 Ranged Weapons
 - Level 13.1 Dodging
 - Level 1.5 Stealth
 + Level 4.7 Invocations


You had 10 spell levels left.
You didn't know any spells.
Your spell library was empty.

Inventory:

Hand Weapons
 f - a +2 arbalest of freezing (weapon)
Armour
 b - a +1 cloak of poison resistance (worn)
 c - a +0 robe (worn)
Jewellery
 g - a ring of ice
 q - an amulet of reflection (around neck)
Wands
 e - a wand of paralysis (7)
 l - a wand of polymorph (7)
Potions
 d - 2 potions of curing
 i - 4 potions of enlightenment
 j - 2 potions of cancellation
 k - a potion of might
 m - a potion of mutation

Dungeon Overview and Level Annotations

Branches:
Dungeon (9/15)             Temple (1/1) D:5            Lair (1/5) D:9
  Sewer (visited)
    Orc: D:9-12

Altars:
Ashenzari
Cheibriados
Dithmenos
Elyvilon
Fedhas
Gozag
Hepliaklqana
Kikubaaqudgha
Makhleb
Nemelex Xobeh
Okawaru
Qazlal
Ru
Sif Muna
Uskayaw
Vehumet
Wu Jian
Xom
Yredelemnul
Zin
The Shining One

Shops:
D:1 :   D:3 *   D:8 :

Annotations:
D:7 2 transporters, qw's ghost, novice DEHu


Message History

You shoot a bolt. The bolt hits the elephant!
The bolt freezes the elephant.
The elephant is heavily wounded.
The elephant tramples you.
You stumble backwards!
7982 ||| RETREEEEATING.
The elephant tramples you!
You hold your ground!
The elephant barely misses you.
7983 ||| RETREEEEATING.
The elephant attacks as it pursues you! The elephant misses you.
The elephant completely misses you.
You shoot a bolt.
The bolt completely misses the elephant.
The elephant barely misses you. You block the elephant's attack.
The elephant misses you. The elephant completely misses you. x2
The elephant barely misses you.
7985 ||| RETREEEEATING.
7986 ||| RETREEEEATING.
The elephant attacks as it pursues you! The elephant tramples you!
You hold your ground!
The elephant completely misses you.
You see here an elephant corpse.
7987 ||| RETREEEEATING.
You shoot a bolt. The bolt hits the elephant!
The bolt freezes the elephant!
The elephant is moderately wounded.
The elephant completely misses you. x2
You shoot a bolt. The bolt hits the elephant!
The bolt freezes the elephant.
The elephant is heavily wounded.
You block the elephant's attack. The elephant completely misses you.
You shoot a bolt. The bolt hits the elephant!
The bolt freezes the elephant.
The elephant is severely wounded.
The elephant closely misses you.
The elephant trunk-slaps you but does no damage.
You shoot a bolt. The bolt hits the elephant.
The bolt freezes the elephant.
The elephant is almost dead.
The elephant closely misses you.
The elephant trunk-slaps you but does no damage.
You shoot a bolt. The bolt hits the elephant!!
The bolt freezes the elephant.
You kill the elephant!
Okawaru accepts your kill.
You shoot a bolt. The bolt hits the elephant!
The bolt freezes the elephant.
The elephant is severely wounded.
The elephant tramples you!
You die...

.. #. . ## #.#####. #.#
#.## #.#.##.. .... ##
##.## #.>..#..
#..#.####...###......#
#####......##..P####....#
.....###.#.......>..[....
#.#....##..#....P##.####
#.....@YY....#######
#!##.###.#.### # .. ...#
###..# . #..... ..##
#....## .... #..## ###..
### ##Y. #.


You could see 2 elephants.

Vanquished Creatures
  A deep elf pyromancer (D:9)
  3 manticores (D:9)
  4 elephants (Lair:1)
  A black mamba (Lair:1)
  Joseph (D:9)
  A cane toad (Lair:1)
  A troll (D:9)
  2 hornets
  Sigmund (D:6)
  A wyvern (D:9)
  6 yaks (D:9)
  A steam dragon (D:8)
  A water moccasin (Lair:1)
  An orc warrior (D:8)
  A black bear (D:6)
  2 centaurs
  2 ogres
  A boggart (D:9)
  2 phantoms (D:5)
  2 kobold brigands
  2 gnoll sergeants
  3 bullfrogs
  2 scorpions
  8 wights
  6 killer bees
  A howler monkey (D:7)
  3 hounds
  3 jellies
  A bombardier beetle (D:5)
  4 orc priests
  Ijyb (D:5)
  5 iguanas
  5 orc wizards
  18 gnolls
  11 adders
  A river rat (D:4)
  2 shadow imps
  A white imp (D:4)
  4 dart slugs
  3 ribbon worms
  11 orcs
  12 ball pythons
  6 endoplasms
  6 giant cockroaches
  6 goblins
  7 hobgoblins
  A quokka (D:4)
  7 bats
  3 frilled lizards
  19 kobolds
  10 rats
207 creatures vanquished.

Notes
Turn   | Place    | Note
-------+----------+-------------------------------------------
     0 | D:1      | qw the Spriggan Hunter began the quest for the Orb.
     0 | D:1      | Reached XP level 1. HP: 10/10 MP: 2/2
     0 | D:1      | 0 ||| qw: Version: 0.3-a-158-g18b3111
     0 | D:1      | 0 ||| qw: Game counter: 4122
     0 | D:1      | 0 ||| qw: Melee chars always use a shield: true
     0 | D:1      | 0 ||| qw: God list: Okawaru
     0 | D:1      | 0 ||| qw: Allow faded altars: false
     0 | D:1      | 0 ||| qw: Do Orc after clearing Dungeon:15 true
     0 | D:1      | 0 ||| qw: Do second Lair branch before Depths: true
     0 | D:1      | 0 ||| qw: Lair rune preference: random
     0 | D:1      | 0 ||| qw: Goals: Normal
     0 | D:1      | 0 ||| PLANNING D:1-11
    80 | D:1      | Reached skill level 3 in Dodging
    87 | D:1      | Found a faded altar of an unknown god.
   175 | D:1      | Found Syangoqy's Book Boutique.
   199 | D:1      | Reached XP level 2. HP: 14/14 MP: 3/3
   262 | D:1      | Reached skill level 4 in Dodging
   300 | D:1      | Reached XP level 3. HP: 18/18 MP: 4/4
   568 | D:1      | 568 ||| READING scroll labelled DEMPEX GOJUHO.
   568 | D:1      | 568 ||| IDENTIFYING clear potion
   569 | D:1      | 569 ||| DROPPING scroll of butterflies.
   777 | D:2      | Reached XP level 4. HP: 20/22 MP: 5/5
  1307 | D:2      | 1307 ||| DRINKING 2 puce potions.
  1308 | D:2      | 1308 ||| DRINKING 2 murky orange potions.
  1309 | D:2      | 1309 ||| DROPPING potion of attraction.
  1355 | D:3      | Reached skill level 5 in Dodging
  1379 | D:3      | Found Byel's General Store.
  1402 | D:3      | 1402 ||| BUYING 2 scrolls of teleportation (60 gold).
  1402 | D:3      | Bought 2 scrolls of teleportation for 60 gold pieces
  1402 | D:3      | 1402 ||| BUYING 3 scrolls of identify (60 gold).
  1402 | D:3      | Bought 3 scrolls of identify for 60 gold pieces
  1402 | D:3      | 1402 ||| BUYING potion of enlightenment (50 gold).
  1402 | D:3      | Bought a potion of enlightenment for 50 gold pieces
  1402 | D:3      | 1402 ||| SHOPLISTING ring of protection from fire (250
                  | gold, have 7).
  1402 | D:3      | 1402 ||| SHOPLISTING scroll of enchant armour (75 gold,
                  | have 7).
  1402 | D:3      | 1402 ||| SHOPLISTING scroll of identify (20 gold, have 7).
  1722 | D:3      | Reached XP level 5. HP: 22/26 MP: 6/6
  2018 | D:3      | 2018 ||| READING 4 scrolls of identify.
  2018 | D:3      | 2018 ||| IDENTIFYING bubbling clear potion
  2019 | D:3      | 2019 ||| READING 3 scrolls of identify.
  2019 | D:3      | 2019 ||| IDENTIFYING green potion
  2020 | D:3      | 2020 ||| READING 2 scrolls of identify.
  2020 | D:3      | 2020 ||| IDENTIFYING sapphire potion
  2021 | D:3      | 2021 ||| READING scroll of identify.
  2021 | D:3      | 2021 ||| IDENTIFYING coppery potion
  2022 | D:3      | 2022 ||| DROPPING potion of lignification.
  2023 | D:3      | 2023 ||| DROPPING potion of magic.
  2024 | D:3      | 2024 ||| DROPPING potion of degeneration.
  2055 | D:4      | 2055 ||| PLANNING SEWER
  2059 | D:4      | Noticed an ogre
  2060 | D:4      | 2060 ||| DRINKING potion of haste.
  2075 | D:4      | Killed an ogre
  2076 | D:4      | Reached skill level 6 in Ranged Weapons
  2076 | D:4      | Reached XP level 6. HP: 30/30 MP: 7/7
  2102 | D:4      | Found a hazy altar of Hepliaklqana.
  2151 | D:4      | Found a burning altar of Makhleb.
  2151 | D:4      | Found an ancient bone altar of Kikubaaqudgha.
  2160 | D:4      | Found a broken altar of Ashenzari.
  2162 | D:4      | Found a glowing silver altar of Zin.
  2164 | D:4      | Found a faded altar of an unknown god.
  2233 | D:4      | Reached skill level 6 in Dodging
  2407 | D:4      | Found a glowing drain.
  2408 | D:4      | 2408 ||| READING scroll labelled ACUH LEGIZ.
  2447 | Sewer    | Entered a sewer
  2710 | Sewer    | HP: 6/30 [kobold/+0 dagger (3)]
  2711 | Sewer    | 2711 ||| READING 2 scrolls of teleportation.
  2856 | Sewer    | 2856 ||| UPGRADING to scarf of repulsion.
  2861 | Sewer    | 2861 ||| READING scroll labelled DUOHOTZ LUOLE.
  2861 | Sewer    | 2861 ||| ENCHANTING +0 shortbow.
  2862 | Sewer    | 2862 ||| READING scroll labelled GUTRAS QUANIOR.
  2863 | Sewer    | 2863 ||| DRINKING 2 lumpy pink potions.
  2865 | Sewer    | 2865 ||| Stepping ~*~*~tactically~*~*~ (cloud).
  2996 | D:4      | 2996 ||| PLANNING D:1-11
  3109 | D:5      | Entered Level 5 of the Dungeon
  3161 | D:5      | Reached XP level 7. HP: 35/35 MP: 8/8
  3182 | D:5      | Noticed Ijyb
  3192 | D:5      | Paralysed by Ijyb for 3 turns
  3195 | D:5      | Killed Ijyb
  3239 | D:5      | Found a hide-covered altar of Uskayaw.
  3269 | D:5      | Found a staircase to the Ecumenical Temple.
  3270 | D:5      | 3270 ||| PLANNING TEMPLE
  3276 | Temple   | Entered the Ecumenical Temple
  3277 | Temple   | 3277 ||| PLANNING OKAWARU WORSHIP
  3291 | Temple   | Became a worshipper of Warmaster Okawaru
  3292 | Temple   | 3292 ||| PLANNING D:1-11
  3352 | D:5      | Reached skill level 7 in Dodging
  3452 | D:5      | Found a shimmering altar of Xom.
  3563 | D:5      | Found a shimmering altar of Xom.
  3564 | D:5      | Found a shimmering altar of Xom.
  3566 | D:5      | Found a shimmering altar of Xom.
  3571 | D:5      | Found a shimmering altar of Xom.
  3678 | D:5      | Reached * piety under Okawaru
  4010 | D:5      | Reached skill level 1 in Invocations
  4010 | D:5      | Reached XP level 8. HP: 39/39 MP: 8/10
  4112 | D:5      | Reached skill level 3 in Fighting
  4168 | D:5      | 4168 ||| READING scroll labelled GAIFEHEFIH.
  4168 | D:5      | 4168 ||| ENCHANTING +1 shortbow.
  4169 | D:5      | 4169 ||| READING scroll labelled WIRCHU OLEDI.
  4202 | D:6      | 4202 ||| RETREEEEATING.
  4320 | D:6      | Found a blossoming altar of Fedhas.
  4427 | D:6      | 4427 ||| INVOKING Heroism.
  4428 | D:6      | 4428 ||| DRINKING 2 potions of haste.
  4432 | D:6      | Reached skill level 8 in Dodging
  4432 | D:6      | Reached skill level 3 in Invocations
  4500 | D:6      | Noticed Sigmund
  4501 | D:6      | 4501 ||| INVOKING Heroism.
  4505 | D:6      | Killed Sigmund
  4816 | D:6      | 4816 ||| UPGRADING to amulet of reflection.
  4821 | D:6      | 4821 ||| READING scroll of identify.
  4821 | D:6      | 4821 ||| IDENTIFYING bubbling ruby potion
  4822 | D:6      | 4822 ||| READING scroll labelled IHEAPAMARA.
  4981 | D:7      | Reached skill level 9 in Ranged Weapons
  4993 | D:7      | Reached ** piety under Okawaru
  5100 | D:7      | Found a transporter.
  5105 | D:7      | Found a transporter.
  5105 | D:7      | Noticed qw's ghost (novice DEHu)
  5106 | D:7      | Noticed a cyclops
  5399 | D:7      | Noticed a hornet
  5400 | D:7      | 5400 ||| INVOKING Heroism.
  5410 | D:7      | 5410 ||| DRINKING potion of haste.
  5413 | D:7      | Killed a hornet
  5414 | D:7      | Reached skill level 9 in Dodging
  5414 | D:7      | Reached XP level 9. HP: 36/44 MP: 11/13
  5550 | D:7      | 5550 ||| READING scroll labelled ZARAQU XYXT.
  5551 | D:7      | 5551 ||| DROPPING wand of flame (2).
  5752 | D:8      | 5752 ||| RETREEEEATING.
  6044 | D:8      | Found Biraucha's Book Shop.
  6087 | D:8      | 6087 ||| INVOKING Heroism.
  6090 | D:8      | Reached skill level 10 in Dodging
  6352 | D:8      | 6352 ||| Stepping ~*~*~tactically~*~*~ (cloud).
  6359 | D:8      | Reached *** piety under Okawaru
  6584 | D:8      | 6584 ||| READING 2 scrolls of identify.
  6584 | D:8      | 6584 ||| IDENTIFYING fuming brown potion
  6585 | D:8      | 6585 ||| READING scroll of identify.
  6585 | D:8      | 6585 ||| IDENTIFYING scroll labelled ZAEZIWKO JIASK
  6586 | D:8      | 6586 ||| READING 2 scrolls labelled GEWOSE PELEJ.
  6587 | D:8      | 6587 ||| DROPPING scroll of fog.
  6588 | D:8      | 6588 ||| DROPPING scroll of immolation.
  6648 | D:9      | Noticed a manticore
  6649 | D:9      | 6649 ||| INVOKING Heroism.
  6658 | D:9      | Killed a manticore
  6659 | D:9      | Reached skill level 11 in Dodging
  6709 | D:9      | 6709 ||| RETREEEEATING.
  6711 | D:9      | 6711 ||| INVOKING Heroism.
  6713 | D:9      | 6713 ||| DRINKING potion of haste.
  6724 | D:9      | Noticed a troll
  6732 | D:9      | Reached XP level 10. HP: 48/49 MP: 12/14
  6771 | D:9      | Reached skill level 12 in Dodging
  6776 | D:9      | HP: 9/49 [killer bee (7)]
  6777 | D:9      | 6777 ||| READING 4 scrolls of teleportation.
  6778 | D:9      | 6778 ||| DRINKING potion of heal wounds.
  6782 | D:9      | Noticed Joseph
  6783 | D:9      | 6783 ||| INVOKING Heroism.
  6801 | D:9      | Killed Joseph
  6809 | D:9      | HP: 11/49 [gnoll/+0 spear[a gnoll sergeant] (6)]
  6810 | D:9      | 6810 ||| READING 3 scrolls of teleportation.
  6814 | D:9      | Noticed a manticore
  6815 | D:9      | 6815 ||| READING 2 scrolls of teleportation.
  6820 | D:9      | Noticed a manticore
  6821 | D:9      | 6821 ||| INVOKING Heroism.
  6828 | D:9      | Killed a manticore
  6913 | D:9      | Reached skill level 12 in Ranged Weapons
  7096 | D:9      | 7096 ||| READING scroll of enchant weapon.
  7096 | D:9      | 7096 ||| ENCHANTING +1 shortbow.
  7312 | D:9      | Found a staircase to the Lair.
  7436 | D:9      | 7436 ||| INVOKING Heroism.
  7437 | D:9      | Noticed a deep elf pyromancer
  7449 | D:9      | Killed a manticore
  7455 | D:9      | HP: 8/51 [deep elf pyromancer/+0 long sword (9)]
  7456 | D:9      | 7456 ||| READING scroll of teleportation.
  7457 | D:9      | Killed a deep elf pyromancer
  7457 | D:9      | Reached **** piety under Okawaru
  7769 | D:9      | 7769 ||| PLANNING LAIR
  7769 | D:9      | 7769 ||| UPGRADING to +0 cloak of poison resistance.
  7779 | D:9      | 7779 ||| READING scroll of enchant armour.
  7779 | D:9      | 7779 ||| ENCHANTING +0 cloak of poison resistance.
  7780 | D:9      | 7780 ||| DROPPING scarf of repulsion.
  7781 | D:9      | 7781 ||| READING scroll labelled JECIRR XUCIQ.
  7781 | D:9      | Identified a scroll of acquirement
  7781 | D:9      | 7781 ||| ACQUIRING +2 arbalest of freezing
  7781 | D:9      | Acquired a +2 arbalest of freezing
  7783 | D:9      | 7783 ||| SWAPPING to +2 arbalest of freezing.
  7784 | D:9      | 7784 ||| DROPPING +2 shortbow.
  7811 | Lair:1   | Entered Level 1 of the Lair of Beasts
  7811 | Lair:1   | Noticed a black mamba
  7812 | Lair:1   | 7812 ||| RETREEEEATING.
  7813 | Lair:1   | 7813 ||| INVOKING Finesse.
  7814 | Lair:1   | 7814 ||| INVOKING Finesse.
  7819 | Lair:1   | Killed a black mamba
  7820 | Lair:1   | Reached skill level 13 in Dodging
  7861 | Lair:1   | Noticed a cane toad
  7862 | Lair:1   | 7862 ||| INVOKING Finesse.
  7867 | Lair:1   | Killed a cane toad
  7952 | Lair:1   | Noticed an elephant
  7953 | Lair:1   | Noticed an elephant
  7953 | Lair:1   | Noticed an elephant
  7954 | Lair:1   | 7954 ||| RETREEEEATING.
  7954 | Lair:1   | Noticed an elephant
  7955 | Lair:1   | 7955 ||| RETREEEEATING.
  7956 | Lair:1   | 7956 ||| INVOKING Finesse.
  7957 | Lair:1   | 7957 ||| RETREEEEATING.
  7958 | Lair:1   | 7958 ||| RETREEEEATING.
  7959 | Lair:1   | 7959 ||| INVOKING Finesse.
  7967 | Lair:1   | Noticed an elephant
  7969 | Lair:1   | Killed an elephant
  7970 | Lair:1   | Reached XP level 11. HP: 51/55 MP: 10/15
  7976 | Lair:1   | 7976 ||| RETREEEEATING.
  7979 | Lair:1   | 7979 ||| RETREEEEATING.
  7982 | Lair:1   | 7982 ||| RETREEEEATING.
  7983 | Lair:1   | 7983 ||| RETREEEEATING.
  7985 | Lair:1   | 7985 ||| RETREEEEATING.
  7986 | Lair:1   | 7986 ||| RETREEEEATING.
  7986 | Lair:1   | HP: 7/55 [elephant (14)]
  7987 | Lair:1   | 7987 ||| RETREEEEATING.
  7993 | Lair:1   | Mangled by an elephant

Levels and vault maps discovered:
D:1:      dpeg_arrival_signposts, layout_rooms, serial_shops,
          nicolae_shop_peninsula, hellmonk_ecumenical_altar_heavens_door,
          chequers_serial_rivers_large_b, serial_bayou_pond_c,
          minmay_tetromino_t4
D:2:      layout_basic, minmay_vboxes
D:3:      layout_loops_ring, serial_shops, shop_coins, st_stairs_2
D:4:      layout_rooms, nicolae_hepliaklqana_hippocampus,
          chequers_temple_overflow_minitemple, portal_sewer_entry_a
D:5:      layout_loops_corners, xom_redecorated, nicolae_uskayaw_dance_hall,
          temple_green, uniq_ijyb
D:6:      layout_rooms, fedhas_altar_1, uniq_sigmund
D:7:      layout_basic, gammafunk_ghost_arena
D:8:      layout_loops_ring, serial_shops, shop
D:9:      minmay_diamond_stairs, layout_loops_ring, lair_entry_dummy,
          uniq_joseph
Temple:   cyrus_circular_temple
Lair:1:   layout_misc_corridors, serial_bayou_shore_a

Skill      XL: |  1  2  3  4  5  6  7  8  9 10 |
---------------+-------------------------------+-----
Dodging        | 3 4 5 6 7 9 11 13 | 13.1
Ranged Weapons | 5 6 7 8 9 10 12 | 12.7
Fighting       | 2 3 4 5 |  5.1
Invocations    | 1 4 |  4.7
Stealth        | |  1.5

Action                     |  1- 3 |  4- 6 |  7- 9 | 10-12 || total
---------------------------+-------+-------+-------+-------++-------
   Fire: Shortbow          |    91 |   222 |   414 |   180 ||   907
         Arbalest          |       |       |       |    44 ||    44
 Invoke: Heroism           |       |       |     6 |     3 ||     9
         Finesse           |       |       |       |     3 ||     3
    Use: Scroll            |     1 |     8 |     8 |     7 ||    24
         Potion            |       |     4 |     3 |     1 ||     8
 Armour: Robe              |    13 |    30 |    40 |    32 ||   115
  Dodge: Dodged            |    46 |   145 |   202 |   160 ||   553
         Repelled          |       |       |     2 |     2 ||     4
  Block: Other             |       |       |    16 |    23 ||    39

Table legend:
 A = Non-vault XP
 B = Vault XP
 C = Vault XP percentage of total XP
 D = Non-vault monster count
 E = Vault monster count
 F = Vault count percentage of total count
                 A         B        C        D         E       F
            +---------+---------+-------+---------+---------+-------
      Total |    9512 |    3250 |  25.5 |     163 |      44 |  21.3
            +---------+---------+-------+---------+---------+-------
        D:1 |      51 |       6 |  10.5 |      20 |       3 |  13.0
        D:2 |      53 |      10 |  15.9 |      11 |       5 |  31.2
        D:3 |     143 |       3 |   2.1 |      18 |       2 |  10.0
        D:4 |     285 |      29 |   9.2 |      15 |       5 |  25.0
        D:5 |     789 |      35 |   4.2 |      16 |       1 |   5.9
        D:6 |     509 |     231 |  31.2 |      13 |       1 |   7.1
        D:7 |     620 |       0 |   0.0 |      10 |       0 |   0.0
        D:8 |    1616 |       0 |   0.0 |      30 |       0 |   0.0
        D:9 |    2455 |    2795 |  53.2 |      23 |       6 |  20.7
     Lair:1 |    2991 |       0 |   0.0 |       7 |       0 |   0.0
      Sewer |       0 |     141 | 100.0 |       0 |      21 | 100.0
            +---------+---------+-------+---------+---------+-------
